 Dungeon Crawl Stone Soup version 0.30-a0-737-gf23d94013f (webtiles) character file.

Game seed: 11774832464754910361

119366 retardedninja the Peltast (level 16, -5/111 HPs)
             Began as a Gargoyle Fighter on Feb 1, 2023.
             Was an Initiate of Gozag.
             Killed from afar by a lindwurm (38 damage)
             ... with a blast of flame
             ... on level 4 of the Snake Pit.
             The game lasted 00:48:21 (25684 turns).

retardedninja the Peltast (Gargoyle Fighter)       Turns: 25684, Time: 00:48:22

Health: -5/111     AC: 47    Str: 27    XL:     16   Next: 79%
Magic:  16/16      EV:  4    Int: 10    God:    Gozag
Gold:   3574       SH: 20    Dex: 15    Spells: 15/15 levels left

rFire   . . .      SeeInvis .    u - +8 whip "Snakebite" {venom, curare, rPois}
rCold   + . .      Faith    .    J - +0 tower shield {AC+3}
rNeg    + . .      Spirit   .    N - +1 plate armour {rC+}
rPois   ∞          Reflect  .    j - +2 helmet
rElec   +          Harm     .    k - +2 cloak
rCorr   .          Rampage  +    q - +1 pair of gloves of the Arcane {Rampage Will+ Regen+}
Will    ++...                    s - +2 pair of boots Stlth
                                 p - amulet of the acrobat
HPRegen 1.18/turn                z - +6 ring of dexterity
MPRegen 0.15/turn                (no ring)

@: weakened, gold aura, flying, constricted, studying Shields
A: sickness immunity, AC +12, big wings, negative energy resistance 1,
electricity resistance, torment resistance 1, petrification resistance
a: Renounce Religion, Potion Petition, Call Merchant, Bribe Branch


You were on level 4 of the Snake Pit.
You worshipped Gozag.
Gozag was most pleased with you.
You visited 5 branches of the dungeon, and saw 22 of its levels.

You collected 9242 gold pieces.
You spent 2510 gold pieces at shops.
You paid 3158 gold pieces to Gozag.

Inventory:

Hand Weapons
 u - the +8 whip "Snakebite" (weapon) {venom, curare, rPois}
   (You found it on level 1 of the Lair of Beasts)

   rPois:     It protects you from poison.
 w - the +6 mace of Ashenzari's Approval {heavy, Dex+3}
   (You found it on level 5 of the Dungeon)

   Dex:       It affects your dexterity (+3).
Missiles
 x - 4 throwing nets (quivered)
Armour
 j - a +2 helmet (worn)
 k - a +2 cloak (worn)
 q - the +1 pair of gloves of the Arcane (worn) {Rampage Will+ Regen+}
   (You found it on level 3 of the Dungeon)

   Regen:     It increases your rate of health regeneration.
   Rampage:   It bestows one free step when moving towards enemies.
   Will:      It increases your willpower.
 s - a +2 pair of boots (worn)
 J - a +0 tower shield of protection (worn)
 N - a +1 plate armour of cold resistance (worn)
Jewellery
 p - an amulet of the acrobat (around neck)
 z - a +6 ring of dexterity (left hand)
 P - a ring of willpower
Wands
 c - a wand of acid (3)
 t - a wand of charming (15)
 y - a wand of flame (37)
 B - a wand of roots (11)
 E - a wand of digging (4)
 F - a wand of polymorph (10)
Scrolls
 b - a scroll of vulnerability
 h - 2 scrolls of teleportation
 i - 4 scrolls of enchant weapon
 l - 2 scrolls of identify
 m - a scroll of magic mapping
 n - 5 scrolls of torment
 C - a scroll of brand weapon
 I - 2 scrolls of fog
 Q - 2 scrolls of poison
Potions
 a - 2 potions of curing
 e - 2 potions of haste
 f - 3 potions of attraction
 o - 5 potions of mutation
 r - 13 potions of brilliance
 v - 2 potions of degeneration
 A - a potion of lignification
 H - a potion of magic
Miscellaneous
 g - a box of beasts (inert)
 K - a phial of floods
 L - a phantom mirror (inert)


   Skills:
 + Level 16.6 Fighting
 + Level 15.2 Maces & Flails
 + Level 16.6 Armour
 + Level 17.7 Shields


You had 15 spell levels left.
You didn't know any spells.
Your spell library contained the following spells:

 Spells                   Type           Power      Damage    Failure   Level
 Foxfire                  Conj/Fire      0%         2x1d4     99%         1
 Static Discharge         Conj/Air       0%         2-2/arc   100%        2
 Kindle Blastsparks       Fire/Tloc/Air  0%         2d10      100%        3
 Stone Arrow              Conj/Erth      0%         3d7       100%        3
 Swiftness                Air            0%         N/A       100%        3
 Tukima's Dance           Hex            0%         N/A       100%        3
 Animate Armour           Summ/Erth      0%         N/A       100%        4
 Fulminant Prism          Conj/Hex       0%         3d5       100%        4
 Iskenderun's Mystic Bla  Conj/Tloc      0%         2d3       100%        4
 Passage of Golubria      Tloc           0%         N/A       100%        4
 Alistair's Intoxication  Tmut/Pois      0%         N/A       100%        5
 Arcjolt                  Conj/Air       0%         1d10      100%        5
 Borgnjor's Vile Clutch   Necr/Erth      0%         N/A       100%        5
 Fireball                 Conj/Fire      0%         3d3       100%        5
 Lee's Rapid Deconstruct  Erth           0%         3d4*      100%        5
 Yara's Violent Unravell  Hex/Tmut       0%         3d3       100%        5
 Eringya's Noxious Bog    Tmut/Pois      0%         N/A       100%        6
 Starburst                Conj/Fire      0%         6d3       100%        6
 Lehudib's Crystal Spear  Conj/Erth      0%         10d2      100%        8


Dungeon Overview and Level Annotations

Branches:
Dungeon (10/15)            Temple (1/1) D:4            Lair (5/5) D:10
 Shoals (0/4) Lair:3        Snake (4/4) Lair:2        Slime (0/5) Lair:4
    Orc (2/2) D:9             Elf (0/3) Orc:2

Altars:
Ashenzari
Cheibriados
Dithmenos
Elyvilon
Fedhas
Gozag
Hepliaklqana
Kikubaaqudgha
Makhleb
Nemelex Xobeh
Okawaru
Qazlal
Ru
Sif Muna
Trog
Uskayaw
Vehumet
Wu Jian
Xom
Yredelemnul
Zin
The Shining One
Jiyva

Shops:
D:9 ?   Orc:1 *   Orc:2 :[*[(   Snake:1 [   Snake:2 ?!   Snake:4 *

Annotations:
D:6 2 transporters, hgbash's ghost, novice DrCj
Snake:3 1 runed translucent door
Snake:4 Mara


Innate Abilities, Weirdness & Mutations

You are immune to sickness and miasma.
Your stone body is resilient. (AC +12)
You are immune to poison.
Your large and strong wings let you fly.
You resist negative energy. (rN+)
You are resistant to electric shocks. (rElec)
You are resistant to unholy torment.
You are immune to petrification.


Message History

The splash of poison hits you but does no damage.
You resist. The nagaraja constricts you.
You hit the nagaraja.
The nagaraja is almost dead.
You block the naga mage's attack.
The nagaraja gestures at you while chanting.
The poison arrow hits you. You partially resist. The nagaraja constricts you.
You whack the nagaraja!
The nagaraja is almost dead.
You block the naga mage's attack. You block the salamander's attack.
The nagaraja barely misses you. The nagaraja constricts you.
You hit the nagaraja.
You kill the nagaraja!
The naga mage spits poison at you. You block the splash of poison.
You block the salamander's attack.
You are no longer firmly anchored in space.
You block the naga mage's attack. x2
The naga mage hits you but does no damage.
You block the naga mage's attack.
Items here: $ )) [[.
You block the naga mage's attack. The naga mage closely misses you.
The salamander hits you from afar with a +0 trident!
You are engulfed in flames!
You whack the naga mage!
The naga mage is heavily wounded.
You rampage towards the salamander!
You barely miss the salamander.
The salamander hits you with a +0 trident.
You are engulfed in flames!
The naga mage hits you with a +0 halberd!
* * * LOW HITPOINT WARNING * * *
The naga mage grabs you. The naga mage constricts you.
You block the anaconda's attack.
You feel better. You block the anaconda's attack.
You block the naga mage's attack. The naga mage constricts you.
The salamander completely misses you. The lindwurm breathes flames at you.
The blast of flame hits the salamander.
The salamander completely resists.
The blast of flame hits you!!!
You die...
Your body crumbles into a pile of gold.

...............##.......,,,,,,,,,
...#...............####****,,,,,,
.##..............,**....,,**,,,,,
.##............#***,....,,,**,,,,
...............#**..§≈.≈~,,,**,,,
#........∩.....#*,..≈§≈§~~,,,**,,
###...<))......#,,..≈≈§≈~~,,,,*,,
##..........####'#≈≈≈≈~~*+****,
#......)...#.@Nk..≈≈≈~,,,,,,*,
#..........#N.S....≈≈,,,,,,,*,
#....!.....#.......≈≈,,,,,,,**
#....#######$$$...≈≈≈~,,,,,,**
***#...## #.$§§.≈≈≈≈~~,,,,,**
*......# *#..§≈≈≈≈≈≈~~~~~,,**
...[...** *#...§§§§§≈≈~~~~~,,,*
..##...,** *#...≈§≈#####***~~~,,,
..*##..,,**#.§≈≈≈###,,,,,,***~~~,


You could see a salamander, an anaconda, a lindwurm (catching breath) and a naga
mage (fast).

Vanquished Creatures
  Gastronok (D:10)
  A nagaraja (Snake:4)
  An orc warlord (Orc:2)
  The ghost of sokol815 the Unseen, a journeyman VSWr of Uskayaw (Orc:2)
  A fire dragon (Lair:5)
  3 hydras
  3 anacondas (Snake:2)
  A boulder beetle (Lair:4)
  3 salamander tyrants
  A catoblepas (Lair:3)
  A merfolk avatar (Lair:5)
  Erica (D:10)
  A two-headed ogre (Orc:1)
  20 death yaks
  8 naga warriors
  4 naga sharpshooters
  3 orc high priests
  Sonja (D:10)
  3 shock serpents
  4 salamander mystics
  3 sea snakes (Lair:5)
  3 naga ritualists (Snake:2)
  A swamp dragon (Snake:1)
  4 lindwurms
  2 harpies (Lair:5)
  3 orc knights (Orc:2)
  6 mana vipers
  4 orc sorcerers (Orc:2)
  5 salamanders
  2 oklob plants (Lair:4)
  A manticore (D:10)
  4 guardian serpents
  17 elephants
  29 black mambas
  9 cane toads
  3 torpor snails (Lair:1)
  9 naga magi
  3 kobold demonologists (D:9)
  An unseen horror (D:10)
  14 rime drakes
  9 komodo dragons
  5 polar bears
  4 hornets
  3 trolls
  3 wind drakes (Lair:5)
  A snapping turtle (Lair:5)
  5 dream sheep (Lair:5)
  23 blink frogs
  Sigmund (D:5)
  54 yaks
  A shadow (D:10)
  Eustachio (D:5)
  9 wyverns
  14 steam dragons
  5 basilisks
  Edmund (D:4)
  25 nagas
  A warg (Orc:1)
  20 water moccasins
  A sky beast (D:6)
  An ice beast (D:10)
  42 orc warriors
  A black bear (D:7)
  4 centaurs
  9 ogres
  12 wolves
  A phantom (D:6)
  5 kobold brigands
  8 bullfrogs
  A necrophage (D:6)
  A scorpion (Lair:2)
  16 killer bees
  4 howler monkeys
  5 electric eels
  2 jellies
  25 orc priests
  A hound (D:5)
  Jessica (D:3)
  2 iguanas
  Ijyb (D:5)
  38 orc wizards
  A centaur simulacrum (D:10)
  23 gnolls
  10 adders
  2 shadow imps
  3 white imps
  An ufetubus (D:5)
  2 worms
  5 dart slugs
  106 orcs
  11 ball pythons
  3 endoplasms
  3 giant cockroaches (D:2)
  9 goblins
  2 hobgoblins
  4 jackals (D:3)
  A quokka (D:5)
  6 bats
  2 frilled lizards
  21 kobolds
  7 rats
773 creatures vanquished.

Vanquished Creatures (collateral kills)
  An orc warlord (Orc:2)
  A naga sharpshooter (Snake:4)
  An orc high priest (Orc:2)
  A yak (D:10)
  An orc warrior (Orc:2)
  An orc (Orc:2)
6 creatures vanquished.

Vanquished Creatures (others)
  Aizul (Snake:1)
  A yak (D:10)
  An orc warrior (Orc:2)
  An ufetubus (D:10)
  An orc (D:9)
  2 bushes (Lair:5)
  27 fungi
  63 plants
97 creatures vanquished.

Grand Total: 876 creatures vanquished

Notes
Turn   | Place    | Note
-------+----------+-------------------------------------------
     0 | D:1      | retardedninja the Gargoyle Fighter began the quest for the
                  | Orb.
     0 | D:1      | Reached XP level 1. HP: 14/14 MP: 1/1
   117 | D:1      | Reached XP level 2. HP: 18/19 MP: 2/2
   677 | D:2      | Reached XP level 3. HP: 18/23 MP: 3/3
  1062 | D:2      | Reached XP level 4. HP: 29/29 MP: 4/4
  1269 | D:2      | Reached skill level 4 in Shields
  1631 | D:3      | Noticed Jessica
  1638 | D:3      | Killed Jessica
  1639 | D:3      | Reached XP level 5. HP: 33/33 MP: 5/5
  1960 | D:3      | Noticed a kobold brigand
  1977 | D:3      | Killed a kobold brigand
  2068 | D:3      | Identified the +1 pair of gloves of the Arcane {Rampage
                  | Will+ Regen+}
  2530 | D:4      | Noticed an ogre
  2538 | D:4      | Killed an ogre
  2539 | D:4      | Reached XP level 6. HP: 35/39 MP: 6/6
  2544 | D:4      | Found a staircase to the Ecumenical Temple.
  2558 | Temple   | Entered the Ecumenical Temple
  2690 | Temple   | Became a worshipper of Gozag Ym Sagoz the Greedy
  2746 | D:4      | Noticed Edmund
  2789 | D:4      | Killed Edmund
  2790 | D:4      | Reached skill level 5 in Fighting
  2790 | D:4      | Reached skill level 5 in Armour
  2790 | D:4      | Reached skill level 5 in Shields
  2790 | D:4      | Reached XP level 7. HP: 32/44 MP: 7/7
  3723 | D:5      | Entered Level 5 of the Dungeon
  3924 | D:5      | Identified the +6 mace of Ashenzari's Approval {heavy,
                  | Dex+3}
  4006 | D:5      | Found a transporter.
  4014 | D:5      | Found a transporter.
  4096 | D:5      | Noticed Ijyb
  4104 | D:5      | Killed Ijyb
  4360 | D:5      | Reached XP level 8. HP: 51/51 MP: 8/8
  4364 | D:5      | Reached skill level 5 in Maces & Flails
  4771 | D:5      | Reached skill level 6 in Shields
  5037 | D:5      | Noticed Eustachio
  5039 | D:5      | Killed Eustachio
  5082 | D:5      | Noticed Sigmund
  5086 | D:5      | Killed Sigmund
  5247 | D:6      | Reached XP level 9. HP: 56/56 MP: 9/9
  5268 | D:6      | Noticed a hornet
  5291 | D:6      | Noticed hgbash's ghost (novice DrCj)
  5293 | D:6      | Found a transporter.
  5298 | D:6      | Found a transporter.
  5360 | D:6      | Reached skill level 7 in Shields
  5663 | D:7      | Noticed a hornet
  5675 | D:7      | Killed a hornet
  5948 | D:7      | Found a glowing golden altar of the Shining One.
  5948 | D:7      | Found a sacrificial altar of Ru.
  6464 | D:8      | Reached skill level 8 in Shields
  6476 | D:8      | Reached XP level 10. HP: 53/64 MP: 10/10
  6946 | D:9      | Found Igiakhuiss's Magic Scroll Boutique.
  7178 | D:9      | Noticed a kobold demonologist
  7180 | D:9      | Noticed a sixfirhy
  7181 | D:9      | Noticed a kobold demonologist
  7182 | D:9      | Noticed a sun demon
  7184 | D:9      | Reached skill level 9 in Shields
  7186 | D:9      | Noticed a soul eater
  7186 | D:9      | Noticed a kobold demonologist
  7325 | D:9      | Noticed a soul eater
  7437 | D:9      | Killed a kobold demonologist
  7443 | D:9      | Killed a kobold demonologist
  7447 | D:9      | Killed a kobold demonologist
  7765 | D:8      | Reached XP level 11. HP: 71/71 MP: 11/11
  7982 | D:8      | Reached skill level 10 in Armour
  8460 | D:9      | Found a staircase to the Orcish Mines.
  8605 | D:10     | Entered Level 10 of the Dungeon
  8629 | D:10     | Reached skill level 10 in Fighting
  8629 | D:10     | Reached skill level 10 in Shields
  8794 | D:10     | Noticed Gastronok
  8806 | D:10     | Killed Gastronok
  8842 | D:10     | Noticed a death yak
  8843 | D:10     | Found a staircase to the Lair.
  8843 | D:10     | Noticed a death yak
  8843 | D:10     | Noticed a death yak
  8860 | D:10     | Killed a death yak
  8869 | D:10     | Killed a death yak
  8889 | D:10     | Killed a death yak
  9341 | D:10     | Noticed a manticore
  9351 | D:10     | Killed a manticore
  9370 | D:10     | Reached XP level 12. HP: 64/79 MP: 12/12
  9652 | D:10     | Noticed Erica
  9665 | D:10     | Killed Erica
  9666 | D:10     | Reached skill level 10 in Maces & Flails
  9666 | D:10     | Reached skill level 11 in Shields
  9755 | D:10     | Noticed Sonja
  9771 | D:10     | Killed Sonja
  9975 | Lair:1   | Entered Level 1 of the Lair of Beasts
 10601 | Lair:1   | Found a snail-covered altar of Cheibriados.
 10828 | Lair:1   | Reached skill level 12 in Shields
 10917 | Lair:1   | Found the +8 whip "Snakebite" {venom, curare, rPois}
 11247 | Lair:2   | Reached XP level 13. HP: 86/86 MP: 13/13
 11404 | Lair:2   | Found a staircase to the Snake Pit.
 11902 | Lair:2   | Identified the +8 dagger "Delazobi" {flame, Fly rN+ MP+9
                  | Dex+2}
 12734 | Lair:2   | Identified the +0 hand axe of Eriop {pain, Fly rElec rC-
                  | SInv}
 13005 | Lair:3   | Reached skill level 13 in Shields
 13377 | Lair:3   | Found a staircase to the Shoals.
 13748 | Lair:3   | Gained mutation: Your large and strong wings let you fly.
                  | [Gargoyle growth]
 13748 | Lair:3   | Reached XP level 14. HP: 94/94 MP: 14/14
 14826 | Lair:4   | Found an ancient bone altar of Kikubaaqudgha.
 15248 | Lair:4   | Found a viscous altar of Jiyva.
 15252 | Lair:4   | Found a staircase to the Slime Pits.
 15878 | Lair:5   | Entered Level 5 of the Lair of Beasts
 15899 | Lair:5   | Reached skill level 14 in Shields
 17007 | Lair:5   | Reached XP level 15. HP: 101/101 MP: 15/15
 17048 | Lair:5   | Identified the +9 trident of Recklessness {freeze, Contam
                  | Str+5 Stlth+}
 17050 | Lair:5   | Got Rite Fig's Lectures on Overcast Oromancy
 17482 | Lair:5   | Reached skill level 15 in Fighting
 17490 | Lair:5   | Reached skill level 15 in Armour
 17504 | Lair:5   | Reached skill level 15 in Shields
 18365 | Orc:1    | Entered Level 1 of the Orcish Mines
 18745 | Orc:1    | Found Ruibb's Gadget Gallery.
 18758 | Orc:1    | Bought a phial of floods for 480 gold pieces
 18758 | Orc:1    | Bought a phantom mirror for 480 gold pieces
 19042 | Orc:2    | Entered Level 2 of the Orcish Mines
 19044 | Orc:2    | Found a runed translucent door.
 19045 | Orc:2    | Noticed an orc warlord
 19072 | Orc:2    | Killed an orc warlord
 19340 | Orc:2    | Noticed sokol815's ghost (journeyman VSWr)
 19438 | Orc:2    | Killed sokol815's ghost
 19603 | Orc:2    | Found Rumaceog's Self-Improvement Boutique.
 19672 | Orc:2    | Found Keos's Antique Armour Emporium.
 19673 | Orc:2    | Found a staircase to the Elven Halls.
 19745 | Orc:2    | Noticed an orc warlord
 19939 | Orc:2    | Killed an orc warlord
 20160 | Orc:2    | Bought a manual of Shields for 1280 gold pieces
 20492 | Orc:2    | Found Beip's Antique Armour Shop.
 20493 | Orc:2    | Found Rabao's Antique Weapon Boutique.
 20495 | Orc:2    | Found Zuddolach's General Store.
 20495 | Orc:2    | Found Tylel's Jewellery Shop.
 20512 | Orc:2    | Bought a shiny helmet for 270 gold pieces
 20833 | Snake:1  | Entered Level 1 of the Snake Pit
 21660 | Snake:1  | Reached skill level 16 in Shields
 21790 | Snake:1  | Found Malutsof's Superior Scales.
 21834 | Snake:1  | Reached XP level 16. HP: 102/109 MP: 16/16
 21850 | Snake:1  | Noticed Aizul
 21892 | Snake:1  | Killed Aizul
 21948 | Snake:1  | Identified the +2 pair of gloves of Refuge {+Blink Int+3}
 23083 | Snake:2  | Found a sacrificial altar of Ru.
 23236 | Snake:2  | Found Tuskeweq's Magic Scroll Emporium.
 23242 | Snake:2  | Found Goca's Distillery.
 23641 | Snake:2  | Reached skill level 17 in Shields
 24143 | Snake:3  | Identified a scroll of acquirement
 24144 | Snake:3  | Acquired 545 gold pieces
 24400 | Snake:3  | Found a runed translucent door.
 24943 | Snake:4  | Entered Level 4 of the Snake Pit
 24943 | Snake:4  | Found Wugituapyrr's Assorted Antiques.
 25013 | Snake:3  | Reached skill level 15 in Maces & Flails
 25287 | Snake:4  | Noticed Mara
 25289 | Snake:4  | Noticed retardedninja's illusion
 25618 | Snake:4  | Noticed a nagaraja
 25679 | Snake:4  | Killed a nagaraja
 25684 | Snake:4  | Killed from afar by a lindwurm

Illustrated notes

Levels and vault maps discovered:
D:1:      shiori_arrival_oz, layout_basic
D:2:      layout_loops_ring, minmay_tromino_mix6
D:3:      layout_basic, minmay_quadrilaterals, uniq_jessica
D:4:      layout_loops_corners, minmay_temple_entry_junction, uniq_edmund
D:5:      gammafunk_steamed_eel, layout_loops_corners, uniq_ijyb, uniq_sigmund,
          uniq_eustachio
D:6:      layout_basic, gammafunk_ghost_hive
D:7:      layout_rooms, gammafunk_temple_overflow_statue
D:8:      layout_basic
D:9:      layout_cave_pods, hiddenorc1_lemuel, nicolae_wooded_promenade
D:10:     layout_roguey, dpeg_lair_monsters, serial_ice, serial_ice_h,
          serial_ice_n, serial_ice_i, serial_ice_f, uniq_sonja, uniq_gastronok,
          uniq_erica
Temple:   nicolae_temple_bog_church
Lair:1:   minmay_guarded_unrand_snakebite, layout_regular_city,
          kennysheep_snail_temple, serial_bayou_shore_b
Lair:2:   layout_long_grid, minmay_snake_entry_guardpost_small,
          nicolae_volcano_entry_vermiform
Lair:3:   layout_regular_city, elwin_shoals_entry_rocks
Lair:4:   layout_regular_city, minmay_slime_entry_oklob_enclosed, basic_altar,
          cheibrodos_lair_reptile_den
Lair:5:   gammafunk_lair_ancient_temple, layout_gridlike,
          bobbens_dragon_lair_wall
Snake:1:  layout_misc_corridors, hellmonk_scale_shop, uniq_aizul
Snake:2:  layout_honeycomb, basic_altar, minmay_shoptagon
Snake:3:  cheibrodos_toxic_ritual, layout_grid_maze
Snake:4:  snake_pit_salamanders_mu, layout_layer_cave, serial_shops, shop,
          nicolae_snake_storage_room, uniq_mara
Orc:1:    layout_diamond_mine, nicolae_shop_gadgets
Orc:2:    st_orc_congregation, layout_caves, hellmonk_ghost_happy_afterlife,
          serial_shops, shop, basic_altar, nicolae_shop_self_help

Skill      XL: |  1  2  3  4  5  6  7  8  9 10 11 12 13 14 15 16 |
---------------+-------------------------------------------------+-----
Armour         | 4 5 7 8 9 11 12 13 14 15 16 | 16.6
Fighting       | 4 5 6 8 9 10 12 13 14 15 16 | 16.6
Shields        | 4 5 6 8 9 10 12 13 14 16 17 | 17.7
Maces & Flails | 3 4 6 7 8 9 11 12 13 14 15 | 15.2

Action                     |  1- 3 |  4- 6 |  7- 9 | 10-12 | 13-15 | 16-18 || total
---------------------------+-------+-------+-------+-------+-------+-------++-------
  Melee: Flail             |    73 |   189 |    28 |       |       |       ||   290
         Mace              |       |       |   152 |   569 |       |       ||   721
         Whip              |       |       |       |    20 |  1922 |   910 ||  2852
  Throw: Throwing net      |       |       |       |       |     2 |       ||     2
 Invoke: Potion Petition   |       |       |       |       |     3 |     5 ||     8
  Evoke: Wand              |       |       |       |     1 |     5 |       ||     6
         Phantom mirror    |       |       |       |       |     1 |     1 ||     2
         Phial of floods   |       |       |       |       |     1 |       ||     1
         Box of beasts     |       |       |       |       |       |     1 ||     1
    Use: Potion            |       |     2 |     4 |     9 |     7 |     9 ||    31
         Scroll            |       |       |       |    21 |    12 |     8 ||    41
   Stab: Distracted        |       |       |     1 |     5 |     4 |     6 ||    16
         Petrified         |       |       |       |       |     6 |       ||     6
         Held in net/web   |       |       |       |       |     2 |       ||     2
         Invisible         |       |       |       |       |     7 |       ||     7
 Armour: Scale mail        |    46 |   127 |   169 |    82 |       |       ||   424
         Plate armour      |       |       |       |   660 |   892 |   352 ||  1904
  Dodge: Dodged            |    29 |    93 |   131 |   365 |   476 |    92 ||  1186
  Block: Buckler           |    15 |    45 |    75 |   299 |   510 |       ||   944
         Tower shield      |       |       |       |       |    45 |   712 ||   757

Table legend: (Time is in decaauts)
 A = Elapsed time spent in this place.
 B = Non-inter-level travel time spent in this place.
 C = Inter-level travel time spent in this place.
 D = Time resting spent in this place.
 E = Time spent auto-exploring this place.
 F = Levels seen in this place.
 G = Mean time per level.
                   A        B        C        D        E       F      G
               +--------+--------+--------+--------+--------+-----+--------+
         Total |  24876 |  23640 |   1236 |   5164 |  12609 |  22 | 1130.7 |
       Dungeon |  10271 |   9694 |    577 |   1827 |   5680 |  10 | 1027.1 |
        Temple |    155 |    140 |     15 |      0 |    103 |   1 |  155.0 |
          Lair |   8579 |   8129 |    450 |   2405 |   3822 |   5 | 1715.8 |
     Snake Pit |   3785 |   3650 |    135 |    595 |   1980 |   4 |  946.2 |
  Orcish Mines |   2083 |   2025 |     58 |    336 |   1023 |   2 | 1041.5 |
               +--------+--------+--------+--------+--------+-----+--------+

Top non-repeatable levels by time:
  Lair:5: 2125 daAuts
  Lair:2: 1853 daAuts
  Lair:1: 1811 daAuts
     D:9: 1625 daAuts
    D:10: 1473 daAuts
  Lair:4: 1472 daAuts
     D:5: 1426 daAuts
 Snake:2: 1395 daAuts
  Lair:3: 1317 daAuts
   Orc:2: 1121 daAuts
     D:4: 1063 daAuts
 Snake:1: 1016 daAuts
 Snake:3: 1014 daAuts
   Orc:1: 962 daAuts
     D:3: 940 daAuts
